 Dungeon Crawl Stone Soup version 0.31.0-11-ge490571c62 (webtiles) character file.

Game seed: 14298288550238455909

890 qw the Skirmisher (level 7, -10/40 HPs)
             Began as a Deep Elf Hunter on Feb 3, 2024.
             Was a Follower of Okawaru.
             Mangled by a black bear (11 damage)
             ... on level 5 of the Dungeon.
             The game lasted 00:00:21 (4737 turns).

qw the Skirmisher (Deep Elf Hunter)                 Turns: 4737, Time: 00:00:22

Health: -10/40     AC:  7    Str: 10    XL:     7   Next: 77%
Magic:  8/10       EV: 14    Int: 14    God:    Okawaru [*.....]
Gold:   150        SH:  0    Dex: 18    Spells: 6/6 levels left

rFire   . . .        a - +1 shortbow
rCold   . . .        (shield currently unavailable)
rNeg    . . .        d - +0 ring mail
rPois   .            h - +0 helmet
rElec   .            (no cloak)
rCorr   .            (no gloves)
SInv    .            (no boots)
Will    .....        (no amulet)
Stlth   +++          (no ring)
HPRegen 0.26/turn    (no ring)
MPRegen 0.12/turn

%: no passive effects
@: heroic
A: no striking features
a: Renounce Religion, Heroism


You were on level 5 of the Dungeon.
You worshipped Okawaru.
Okawaru was aware of your devotion.
You visited 1 branch of the dungeon, and saw 5 of its levels.
You also visited: Ossuary.

You collected 205 gold pieces.
You spent 55 gold pieces at shops.


   Skills:
 - Level 2.2(7.2) Fighting
 + Level 11.5(16.5) Ranged Weapons
 - Level 1.2(6.2) Armour
 - Level 3.0(8.0) Dodging
 - Level 1.2(6.2) Stealth
 + Level 2.5 Invocations


You had 6 spell levels left.
You didn't know any spells.
Your spell library was empty.

Inventory:

Hand Weapons
 a - a +1 shortbow (weapon)
Armour
 d - a +0 ring mail (worn)
 h - a +0 helmet (worn)
Potions
 e - a potion of curing
 i - a potion of resistance

Dungeon Overview and Level Annotations

Branches:
Dungeon (5/15)            Ossuary (visited)
 Temple: D:4-7

Altars:
Nemelex Xobeh
Okawaru
Sif Muna
Vehumet
Xom
Zin

Shops:
D:2 ?((*   D:4 [


Message History

The black bear claws you but does no damage.
The black bear claws you.
You shoot an arrow.
The arrow hits the black bear but does no damage.
The black bear is almost dead.
The black bear barely misses you. The black bear claws you. x2
You shoot an arrow.
The arrow hits the black bear but does no damage.
The black bear is almost dead.
The black bear bites you.
The black bear claws you but does no damage.
The black bear barely misses you.
You shoot an arrow. The arrow barely misses the black bear.
The black bear goes berserk!
Enter note:
4732 ||| RETREEEEATING.
The black bear rages.
The black bear attacks as it pursues you!
The black bear bites you!
The black bear claws you but does no damage. x2
Enter note:
4733 ||| RETREEEEATING.
The black bear bites you but does no damage.
The black bear claws you. The black bear barely misses you.
Enter note:
4734 ||| RETREEEEATING.
Enter note:
4735 ||| RETREEEEATING.
The black bear completely misses you. The black bear barely misses you.
The black bear claws you.
Enter note:
4736 ||| RETREEEEATING.
The black bear attacks as it pursues you!
The black bear bites you.
The black bear claws you but does no damage.
The black bear misses you.
4737 ||| INVOKING Heroism.
You gain the combat prowess of a mighty hero.
The black bear bites you!
You die...

.##.#.......##.....#
.##.#..#.#...##...####
.......#.#....##'##..#
.##.##.#.#..#........#
............:.......)#
.##.##.#.#...#..s....#
.##.##.#.##.....W#...#
.##.##.#.##....#h#...#
.##.# .#.##....#@#...#
.##.# #..............
.##.# #.....#.#...###
###.# #.#..##.#...#
#.#.. ... .... # #..
... ...## # ... ..#
##..# ..#


You could see a black bear (berserk), a phantom and a scorpion.

Vanquished Creatures
  A black bear (D:4)
  2 ogres
  A phantom (D:4)
  A scorpion (D:4)
  A centaur zombie (Ossuary)
  3 hounds
  A sleepcap (D:4)
  An orc priest (D:3)
  Terence (D:2)
  Natasha (D:3)
  2 iguanas
  6 hound zombies (Ossuary)
  Robin (D:2)
  An adder (D:2)
  An adder zombie (Ossuary)
  A ribbon worm (D:3)
  2 dart slugs
  9 orcs
  7 bats
  7 endoplasms
  2 giant cockroaches (D:2)
  3 gnoll zombies (Ossuary)
  11 goblins
  8 hobgoblins
  3 jackals (D:4)
  5 ball pythons
  A frilled lizard (D:2)
  A jackal zombie (Ossuary)
  6 kobolds
  5 kobold zombies (Ossuary)
  3 orc zombies (Ossuary)
  6 rats
104 creatures vanquished.

Notes
Turn   | Place    | Note
-------+----------+-------------------------------------------
     0 | D:1      | qw the Deep Elf Hunter began the quest for the Orb.
     0 | D:1      | Reached XP level 1. HP: 12/12 MP: 3/3
     0 | D:1      | 0 ||| qw: Version: 0.3-a-158-g18b3111
     0 | D:1      | 0 ||| qw: Game counter: 4083
     0 | D:1      | 0 ||| qw: Melee chars always use a shield: true
     0 | D:1      | 0 ||| qw: God list: Okawaru
     0 | D:1      | 0 ||| qw: Allow faded altars: false
     0 | D:1      | 0 ||| qw: Do Orc after clearing Dungeon:15 true
     0 | D:1      | 0 ||| qw: Do second Lair branch before Depths: true
     0 | D:1      | 0 ||| qw: Lair rune preference: random
     0 | D:1      | 0 ||| qw: Goals: Normal
     0 | D:1      | 0 ||| PLANNING D:1-11
   201 | D:1      | Reached skill level 6 in Ranged Weapons
   201 | D:1      | Reached XP level 2. HP: 16/16 MP: 4/4
   606 | D:1      | 606 ||| UPGRADING to +0 ring mail.
   616 | D:1      | 616 ||| DROPPING +0 leather armour.
   618 | D:1      | 618 ||| READING 3 scrolls labelled TEZXAY VOOZ.
   618 | D:1      | 618 ||| IDENTIFYING purple potion
   629 | D:1      | 629 ||| READING 2 scrolls of identify.
   629 | D:1      | 629 ||| IDENTIFYING pink potion
   630 | D:1      | 630 ||| READING scroll of identify.
   630 | D:1      | 630 ||| IDENTIFYING viscous golden potion
   631 | D:1      | 631 ||| READING scroll labelled GUYM YMABAUQAR.
   632 | D:1      | 632 ||| READING scroll labelled MIGGABR KIEFF.
   634 | D:1      | 634 ||| DROPPING scroll of butterflies.
   635 | D:1      | 635 ||| DROPPING potion of brilliance.
   637 | D:1      | 637 ||| Stepping ~*~*~tactically~*~*~ (cloud).
   638 | D:1      | 638 ||| DRINKING potion of curing.
   638 | D:1      | 638 ||| (to cure poison)
   641 | D:1      | 641 ||| Stepping ~*~*~tactically~*~*~ (cloud).
   645 | D:1      | HP: 4/16 [poisoned by you (poison gas)]
   747 | D:2      | Found Oruorhuk's Antique Weapon Boutique.
   754 | D:2      | 754 ||| SHOPLISTING runed shortbow (168 gold, have 74).
   845 | D:2      | Found Uziruo Kiow's Antique Weapon Boutique.
   853 | D:2      | 853 ||| DRINKING 2 smoky yellow potions.
   855 | D:2      | Noticed Terence
   858 | D:2      | Reached XP level 3. HP: 20/20 MP: 5/5
   865 | D:2      | Killed Terence
   866 | D:2      | Reached skill level 7 in Ranged Weapons
   914 | D:2      | Found Pusie's General Store.
   917 | D:2      | 917 ||| SHOPLISTING scroll of enchant weapon (82 gold, have
                  | 74).
   917 | D:2      | 917 ||| BUYING scroll of identify (22 gold).
   917 | D:2      | Bought a scroll of identify for 22 gold pieces
   917 | D:2      | 917 ||| BUYING scroll of teleportation (33 gold).
   917 | D:2      | Bought a scroll of teleportation for 33 gold pieces
   977 | D:2      | Found Gaar's Magic Scroll Shop.
   984 | D:2      | 984 ||| SHOPLISTING scroll of enchant armour (105 gold,
                  | have 25).
   984 | D:2      | 984 ||| SHOPLISTING scroll of identify (28 gold, have 25).
   984 | D:2      | 984 ||| SHOPLISTING scroll of teleportation (42 gold, have
                  | 25).
  1287 | D:2      | Reached XP level 4. HP: 25/25 MP: 6/6
  1307 | D:2      | Noticed Robin
  1319 | D:2      | Killed Robin
  1329 | D:2      | 1329 ||| FLEEEEING.
  1331 | D:2      | 1331 ||| FLEEEEING.
  1332 | D:2      | 1332 ||| FLEEEEING.
  1333 | D:2      | 1333 ||| FLEEEEING.
  1334 | D:2      | 1334 ||| FLEEEEING.
  1335 | D:2      | 1335 ||| FLEEEEING.
  1336 | D:2      | 1336 ||| FLEEEEING.
  1337 | D:2      | 1337 ||| FLEEEEING.
  1338 | D:2      | 1338 ||| FLEEEEING.
  1339 | D:2      | 1339 ||| FLEEEEING.
  1340 | D:2      | 1340 ||| FLEEEEING.
  1341 | D:2      | 1341 ||| FLEEEEING.
  1342 | D:2      | 1342 ||| FLEEEEING.
  1343 | D:2      | 1343 ||| FLEEEEING.
  1527 | D:2      | 1527 ||| UPGRADING to +0 helmet.
  1532 | D:2      | 1532 ||| READING 2 scrolls of identify.
  1532 | D:2      | 1532 ||| IDENTIFYING silvery potion
  1533 | D:2      | 1533 ||| READING scroll of identify.
  1533 | D:2      | 1533 ||| IDENTIFYING 2 bubbling golden potions
  1534 | D:2      | 1534 ||| DROPPING potion of magic.
  1535 | D:2      | 1535 ||| DROPPING 2 potions of degeneration.
  1536 | D:2      | 1536 ||| DROPPING potion of berserk rage.
  1658 | D:3      | Noticed Natasha
  1663 | D:3      | Killed Natasha
  1664 | D:3      | Reached skill level 8 in Ranged Weapons
  1826 | D:3      | Found an iron altar of Okawaru.
  1827 | D:3      | 1827 ||| PLANNING OKAWARU WORSHIP
  1835 | D:3      | Became a worshipper of Warmaster Okawaru
  1836 | D:3      | 1836 ||| PLANNING D:1-11
  1969 | D:3      | HP: 6/25 [orc priest/+0 dagger (2)]
  1970 | D:3      | 1970 ||| READING scroll of teleportation.
  2072 | D:3      | Reached XP level 5. HP: 28/29 MP: 7/7
  2115 | D:3      | Found a faded altar of an unknown god.
  2163 | D:3      | Found a shimmering altar of Xom.
  2709 | D:3      | 2709 ||| READING scroll labelled RUYK PAFEAXZEPN.
  2710 | D:3      | 2710 ||| READING scroll labelled HENADE KUHINE.
  2794 | D:4      | Noticed a phantom
  2807 | D:4      | Killed a phantom
  2808 | D:4      | Reached skill level 9 in Ranged Weapons
  2871 | D:4      | Found Bisyr's Armour Emporium.
  2877 | D:4      | 2877 ||| SHOPLISTING +11 scale mail of the Skies Above
                  | {+Blink Fly Str+3} (976 gold, have 104).
  2877 | D:4      | 2877 ||| SHOPLISTING +4 ring mail of positive energy (336
                  | gold, have 104).
  2892 | D:4      | Reached XP level 6. HP: 13/35 MP: 8/8
  2904 | D:4      | 2904 ||| FLEEEEING.
  2905 | D:4      | 2905 ||| FLEEEEING.
  2907 | D:4      | 2907 ||| STAIRDANCE
  3050 | D:4      | 3050 ||| FLEEEEING.
  3051 | D:4      | 3051 ||| FLEEEEING.
  3052 | D:4      | 3052 ||| FLEEEEING.
  3053 | D:4      | 3053 ||| FLEEEEING.
  3054 | D:4      | 3054 ||| FLEEEEING.
  3055 | D:4      | 3055 ||| FLEEEEING.
  3062 | D:4      | HP: 6/35 [black bear (6)]
  3063 | D:4      | 3063 ||| READING scroll of teleportation.
  3065 | D:4      | Reached skill level 10 in Ranged Weapons
  3236 | D:4      | Reached skill level 3 in Dodging
  3245 | D:4      | HP: 8/35 [sleepcap (4)]
  3358 | D:4      | Reached skill level 1 in Armour
  3507 | D:4      | Reached XP level 7. HP: 40/40 MP: 9/9
  3848 | D:4      | HP: 7/40 [ogre/+0 giant club (16)]
  3982 | D:4      | Found a shimmering blue altar of Sif Muna.
  4036 | D:4      | Found a sparkling altar of Nemelex Xobeh.
  4037 | D:4      | Found a radiant altar of Vehumet.
  4039 | D:4      | Found a glowing silver altar of Zin.
  4330 | D:4      | 4330 ||| READING scroll of identify.
  4330 | D:4      | 4330 ||| IDENTIFYING sapphire potion
  4331 | D:4      | 4331 ||| READING scroll labelled DEUJIM JUGOUH.
  4331 | D:4      | 4331 ||| ENCHANTING +0 shortbow.
  4332 | D:4      | 4332 ||| DROPPING potion of lignification.
  4374 | D:5      | Entered Level 5 of the Dungeon
  4374 | D:5      | Found a sand-covered staircase.
  4375 | D:5      | 4375 ||| PLANNING OSSUARY
  4382 | Ossuary  | Entered an ossuary
  4463 | Ossuary  | Reached * piety under Okawaru
  4464 | Ossuary  | Reached skill level 11 in Ranged Weapons
  4536 | Ossuary  | Reached skill level 1 in Invocations
  4603 | D:5      | 4603 ||| PLANNING D:1-11
  4721 | D:5      | 4721 ||| RETREEEEATING.
  4723 | D:5      | 4723 ||| RETREEEEATING.
  4732 | D:5      | 4732 ||| RETREEEEATING.
  4733 | D:5      | 4733 ||| RETREEEEATING.
  4733 | D:5      | HP: 9/40 [black bear (3)]
  4734 | D:5      | 4734 ||| RETREEEEATING.
  4735 | D:5      | 4735 ||| RETREEEEATING.
  4736 | D:5      | 4736 ||| RETREEEEATING.
  4736 | D:5      | HP: 1/40 [black bear (6)]
  4737 | D:5      | 4737 ||| INVOKING Heroism.
  4737 | D:5      | Mangled by a black bear

Levels and vault maps discovered:
D:1:      lightli_molten_gateway, layout_loops_ring, minmay_pentomino_o2
D:2:      layout_basic, serial_shops, shop, shop, shop, shop, uniq_robin,
          uniq_terence
D:3:      layout_basic, okawaru_metal_pillars_1_2, mainiacjoe_overflow_chevrons,
          serial_curves, eino_curves_03, eino_curves_01,
          shapermc_ecumenical_altar_notcrosses, nrook_campfire, uniq_natasha
D:4:      layout_layer_cave, grunt_temple_overflow_open, serial_shops,
          nicolae_shop_pleasant_corner_grove
D:5:      layout_basic, grunt_temple_overflow_forces_of_nature, serial_shops,
          shop, nicolae_ossuary_entry_ruins, hex_tiny, nrook_uturn,
          kennysheep_diamond, uniq_edmund

Skill      XL: |  1  2  3  4  5  6  7 |
---------------+----------------------+-----
Ranged Weapons | 6 7 8 9 10 11 | 11.5
Fighting       | 2 |  2.2
Dodging        | 3 |  3.0
Armour         | 1 |  1.2
Invocations    | 2 |  2.5
Stealth        | |  1.2

Action                     |  1- 3 |  4- 6 |  7- 9 || total
---------------------------+-------+-------+-------++-------
   Fire: Shortbow          |    83 |   184 |   163 ||   430
 Invoke: Heroism           |       |       |     1 ||     1
    Use: Scroll            |     5 |     6 |     2 ||    13
         Potion            |     2 |       |       ||     2
 Armour: Leather armour    |     1 |       |       ||     1
         Ring mail         |    17 |    93 |    64 ||   174
  Dodge: Dodged            |    25 |    63 |    41 ||   129

Table legend:
 A = Non-vault XP
 B = Vault XP
 C = Vault XP percentage of total XP
 D = Non-vault monster count
 E = Vault monster count
 F = Vault count percentage of total count
                 A         B        C        D         E       F
            +---------+---------+-------+---------+---------+-------
      Total |     966 |     306 |  24.1 |      68 |      36 |  34.6
            +---------+---------+-------+---------+---------+-------
        D:1 |      29 |       2 |   6.5 |      18 |       2 |  10.0
        D:2 |      35 |      73 |  67.6 |      13 |      12 |  48.0
        D:3 |      58 |      36 |  38.3 |       7 |       1 |  12.5
        D:4 |     641 |       0 |   0.0 |      27 |       0 |   0.0
        D:5 |     203 |       3 |   1.5 |       3 |       1 |  25.0
    Ossuary |       0 |     192 | 100.0 |       0 |      20 | 100.0
            +---------+---------+-------+---------+---------+-------
